AoeStats
← barfthom

Arabia

510424718Analyzed
2v2 RM · 1d ago on Oct 1, 2026· 43m 20s· 4 players
Game mode
Random Map
Map size
Medium (4 player)
Population
200
Speed
Normal
Resources
Standard
Victory
Conquest
Starting age
Dark Age
Ending age
Imperial Age
RankedLock teamsTeams togetherTeam positionsShared explorationLock speedFull tech treeHidden civsTurbo modeCheats
Victory
Defeat
🇯🇵 Franks · Japan
1057
+15
🇺🇸 Ethiopians · United States
1013
+17
🇺🇸 Romans · United States
1032
-16
🇺🇸 Armenians · United States
1031
-16
nolesallday
7:10 Loom
9:51 Feudal Age
10:30 Double-Bit Axe
11:04 Man-at-Arms
16:15 Scale Mail Armor
17:11 Horse Collar
19:43 Wheelbarrow
18:54 Town Watch
23:07 Castle Age
23:19 Forging
23:32 Long Swordsman
24:14 Squires
23:40 Pikeman
24:56 Chain Mail Armor
34:36 Iron Casting
40:34 Ballistas
44:38 Imperial Age
barfthom
6:51 Loom
9:49 Feudal Age
10:17 Double-Bit Axe
9:53 Man-at-Arms
10:38 Long Swordsman
25:33 Castle Age
25:51 Wheelbarrow
39:55 Elite Skirmisher
Real CB
6:31 Loom
8:41 Feudal Age
9:50 Double-Bit Axe
16:06 Fletching
17:15 Padded Archer Armor
20:17 Wheelbarrow
20:08 Horse Collar
23:47 Castle Age
22:40 Gold Mining
24:08 Crossbowman
24:55 Thumb Ring
24:47 Bodkin Arrow
25:08 Leather Archer Armor
25:44 Leather Archer Armor
26:08 Bow Saw
27:53 Hand Cart
29:15 Ballistics
32:59 Gold Shaft Mining
37:44 Imperial Age
37:50 Arbalester
38:32 Bracer
39:02 Ring Archer Armor
39:35 Chemistry
40:47 Two-Man Saw
39:48 Heavy Plow
40:19 Town Watch
40:46 Capped Ram
43:38 Town Patrol
takoyaki
0:29 Loom
11:25 Feudal Age
11:51 Double-Bit Axe
19:13 Scale Barding Armor
24:39 Castle Age
23:33 Gold Mining
25:39 Wheelbarrow
26:13 Forging
Connection lost

Rejoining the realm…

Still unreachable

The connection could not be restored.

Session expired

The server has moved on; the page needs a fresh start.